 Dungeon Crawl Stone Soup version 0.29.1-1-gd02db6906a (webtiles) character file.

Game seed: 14067651186066741065

750 sankara the Ruffian (level 7, 0/61 HPs)
             Began as a Minotaur Gladiator on Oct 20, 2022.
             Slain by a rat (1 damage)
             ... summoned by Eustachio
             ... on level 4 of the Dungeon.
             The game lasted 00:06:19 (3820 turns).

sankara the Ruffian (Minotaur Gladiator)            Turns: 3820, Time: 00:06:19

Health: 0/61       AC: 10    Str: 18    XL:     7   Next: 48%
Magic:  6/6        EV:  8    Int:  5    God:
Gold:   153        SH:  0    Dex: 14    Spells: 6/6 levels left

rFire   . . .      SeeInvis .     - Unarmed
rCold   . . .      Faith    .   (no shield)
rNeg    . . .      Spirit   .   x - +0 chain mail
rPois   .          Reflect  .   b - +0 hat
rElec   .          Harm     .   i - +0 cloak
rCorr   .          Rampage  .   (no gloves)
Will    .....                   (no boots)
Stlth   ..........              (no amulet)
HPRegen 0.20/turn               v - ring of wizardry
MPRegen 0.10/turn               (no ring)

@: no status effects
A: horns 2, retaliatory headbutt
a: no special abilities


You were on level 4 of the Dungeon.
You visited 1 branch of the dungeon, and saw 6 of its levels.

You collected 153 gold pieces.

Inventory:

Missiles
 c - 3 throwing nets
 d - a javelin
 h - 3 curare-tipped darts
 j - 39 stones
 m - 2 boomerangs
 y - 9 poisoned darts
Armour
 b - a +0 hat (worn)
 i - a +0 cloak (worn)
 w - a +0 ring mail of cold resistance
 x - a +0 chain mail (worn)
Jewellery
 v - a ring of wizardry (left hand)
Wands
 t - a wand of flame (5) (quivered)
Scrolls
 k - a scroll of enchant weapon
 l - a scroll of magic mapping
 n - a scroll of fog {unknown}
 p - 5 scrolls of identify {unknown}
 q - 2 scrolls of teleportation {unknown}
 r - 2 scrolls of enchant armour {unknown}
 u - 2 scrolls of fear {unknown}
 z - a scroll of amnesia {unknown}
Potions
 a - 4 potions of heal wounds {unknown}
 e - a potion of attraction {unknown}
 f - a potion of magic {unknown}
 g - a potion of curing {unknown}
 o - a potion of mutation {unknown}
 s - 4 potions of might {unknown}


   Skills:
 + Level 5.4 Fighting
 - Level 2.0 Throwing
 + Level 4.7 Armour
 - Level 3.2 Dodging
 * Level 7.3 Unarmed Combat


You had 6 spell levels left.
You didn't know any spells.
Your spell library contained the following spells:

 Spells                   Type           Power      Damage    Failure   Level
 Sandblast                Erth           0%         2d4       91%         1
 Passwall                 Tmut/Erth      0%         N/A       97%         2
 Stone Arrow              Conj/Erth      0%         3d7       99%         3


Dungeon Overview and Level Annotations

Branches:
Dungeon (6/15)
 Temple: D:4-7

Altars:
Fedhas
Xom

Shops:
D:2 :   D:3 [

Annotations:
D:4 Eustachio


Innate Abilities, Weirdness & Mutations

You have a pair of horns on your head.
You reflexively headbutt those who attack you in melee.


Message History

You punch Eustachio!
Eustachio is moderately wounded.
The rat bites you but does no damage.
A black bear comes into view.
Eustachio mumbles some strange words.
Unknown command.
You miss Eustachio.
Eustachio is moderately wounded.
The black bear growls angrily.
The rat bites you.
* * * LOW HITPOINT WARNING * * *
The iron imp hits you.
* * * LOW HITPOINT WARNING * * *
Eustachio mumbles some strange words.
You miss Eustachio.
Eustachio is moderately wounded.
The rat bites you but does no damage.
Eustachio hits you with a +2 falchion of pain.
* * * LOW HITPOINT WARNING * * *
The iron imp sputters.
The iron imp closely misses you. You furiously retaliate!
You headbutt the iron imp!
You kill the iron imp!
The iron imp disappears in a puff of smoke!
You barely miss Eustachio.
Eustachio is moderately wounded.
The rat bites you but does no damage. Eustachio barely misses you.
The scorpion closely misses you. You furiously retaliate!
You headbutt the scorpion.
Unknown command.
As you read the scroll labelled TIATI IDOC, it crumbles to dust.
You feel aware of your surroundings.
It was a scroll of magic mapping.
The rat bites you but does no damage.
The scorpion stings you but does no damage.
Eustachio barely misses you.
As you read the scroll labelled PEUVEWOJAD, it crumbles to dust.
It is a scroll of enchant weapon.
You aren't carrying any weapons that can be enchanted.
The scorpion closely misses you. The rat bites you.
You die...

#.......h.?,,,,,,,,,,,
*#........#****,,,,,,,,
*#.##...#### *****,***
#.**##..# **,** #** #..#
*,,,, #.h# *,,,, ##†#
**,,,, #s# *,,,** #@##
*,,,* #@r### *,,,*
#br5.##### *,,,**
#b5......###*,,,,*
##..##.....##*,,,,
*******########...#**,,,
*,,,,,,* ##..# **,,
****,,,* #..# *,. *#.,*
#..# **.


You could see Eustachio, a black bear, a scorpion, an iron imp (summoned), a
white imp (summoned), 2 bats and 2 rats.

Vanquished Creatures
  A water moccasin (D:6)
  An ice beast (D:5)
  A black bear (D:5)
  An ogre (D:6)
  A centaur (D:6)
  A scorpion (D:6)
  2 hounds
  An orc priest (D:4)
  Natasha (D:4)
  A gnoll (D:3)
  5 adders
  2 worms (D:2)
  3 dart slugs
  4 orcs
  4 endoplasms
  2 giant cockroaches
  6 goblins
  5 hobgoblins
  4 jackals (D:2)
  6 kobolds
  4 quokkas
  3 ball pythons
  3 bats (D:1)
  A frilled lizard (D:3)
  7 rats
70 creatures vanquished.

Notes
Turn   | Place    | Note
-------+----------+-------------------------------------------
     0 | D:1      | sankara the Minotaur Gladiator began the quest for the Orb.
     0 | D:1      | Reached XP level 1. HP: 18/18 MP: 0/0
   154 | D:1      | Reached XP level 2. HP: 22/25 MP: 1/1
   229 | D:1      | Reached skill level 1 in Armour
   931 | D:2      | Reached skill level 4 in Unarmed Combat
   931 | D:2      | Reached XP level 3. HP: 27/31 MP: 2/2
  1510 | D:2      | Found a shimmering altar of Xom.
  1514 | D:2      | Found Lopnuj's Book Shoppe.
  1630 | D:2      | Reached XP level 4. HP: 33/38 MP: 3/3
  1761 | D:3      | Found Ciafugg's Antique Armour Emporium.
  1778 | D:3      | You fall into a shaft and drop 3 floors!
  1786 | D:6      | Noticed an ogre
  1801 | D:6      | Killed an ogre
  1802 | D:6      | Reached skill level 5 in Unarmed Combat
  1802 | D:6      | Reached XP level 5. HP: 46/46 MP: 4/4
  1844 | D:6      | Noticed a centaur
  1855 | D:6      | Killed a centaur
  1896 | D:6      | Found a blossoming altar of Fedhas.
  1957 | D:6      | Noticed a water moccasin
  1973 | D:6      | Killed a water moccasin
  1974 | D:6      | Reached skill level 6 in Unarmed Combat
  1974 | D:6      | Reached XP level 6. HP: 20/53 MP: 5/5
  2208 | D:5      | Entered Level 5 of the Dungeon
  2210 | D:5      | Noticed an ice beast
  2227 | D:5      | Killed an ice beast
  2228 | D:5      | Reached skill level 5 in Fighting
  2228 | D:5      | Reached XP level 7. HP: 53/61 MP: 6/6
  2366 | D:4      | Reached skill level 7 in Unarmed Combat
  3411 | D:3      | Found a faded altar of an unknown god.
  3770 | D:4      | Noticed Eustachio
  3770 | D:4      | Noticed Natasha
  3783 | D:4      | Killed Natasha
  3817 | D:4      | HP: 1/61 [Eustachio/+2 falchion of pain (6)]
  3820 | D:4      | Slain by a rat

Illustrated notes

Levels and vault maps discovered:
D:1:      ebering_trefoil_twist, layout_loops_ring, minmay_pentomino_u2
D:2:      layout_basic, basic_altar, serial_shops, shop, nicolae_titane
D:3:      minmay_inner_zag, layout_basic, shapermc_ecumenical_altar_venn,
          serial_shops, nicolae_shop_waterfront, minmay_misc_feat_columns,
          minmay_box_of_dots
D:4:      layout_layer_cave, uniq_grinder, uniq_eustachio, uniq_natasha
D:5:      layout_loops_corners, mainiacjoe_overflow_paths,
          minmay_temple_entry_tees, uniq_prince_ribbit1, uniq_pikel
D:6:      layout_gridville, fedhas_ov_isle_minmay, minmay_crystal_room,
          uniq_edmund

Skill      XL: |  1  2  3  4  5  6  7 |
---------------+----------------------+-----
Armour         | 1 2 3 4 |  4.7
Fighting       | 3 4 5 |  5.4
Unarmed Combat | 4 5 6 7 |  7.3
Throwing       | |  2.0
Dodging        | |  3.2

Action                   |  1- 3 |  4- 6 |  7- 9 || total
-------------------------+-------+-------+-------++-------
Melee: Unarmed           |    69 |    33 |    73 ||   175
       Headbutt          |    10 |     3 |    16 ||    29
       Punch             |     1 |     1 |     2 ||     4
Evoke: Wand              |       |    14 |     3 ||    17
  Use: Scroll            |       |       |     2 ||     2
Armor: Ring mail         |    11 |    14 |     2 ||    27
       Leather armour    |     2 |       |       ||     2
       Chain mail        |       |       |    22 ||    22
Dodge: Dodged            |    36 |    38 |    36 ||   110
